 Dungeon Crawl Stone Soup version 0.19-a0-713-g934ebc7 (webtiles) character file.

172 Ijustatesigmund the Magician (level 5, 0/28 HPs)
             Began as a Deep Elf Wizard on June 20, 2016.
             Slain by Terence
             ... wielding a +0 falchion
              (5 damage)
             ... on level 2 of the Dungeon.
             The game lasted 00:11:30 (3109 turns).

Ijustatesigmund the Magician (Deep Elf Wizard)      Turns: 3109, Time: 00:11:31

Health: 0/28       AC:  3    Str:  9    XL:     5   Next: 27%
Magic:  1/13       EV: 13    Int: 23    God:
Gold:   198        SH:  0    Dex: 14    Spells: 5 memorised, 2 levels left

rFire  . . .     SeeInvis .     e - +0 short sword
rCold  . . .     Gourm    .     a - +0 robe
rNeg   . . .     Faith    .     (no shield)
rPois  .         Spirit   .     b - +0 hat
rElec  .         Dismiss  .     (no cloak)
rCorr  .         Reflect  .     (no gloves)
SustAt .         Harm     .     o - +0 pair of boots
MR     .....                    (no amulet)
Stlth  ++........               (no ring)
                                (no ring)

@: mighty, repel missiles, not resistant to hostile enchantments, unstealthy
A: no striking features
a: no special abilities


You were on level 2 of the Dungeon.
You were hungry.

You visited 1 branch of the dungeon, and saw 4 of its levels.

You collected 198 gold pieces.

Inventory:

Hand Weapons
 e - a +0 short sword (weapon)
Missiles
 j - 11 javelins (quivered)
Armour
 a - a +0 robe (worn)
 b - a +0 hat (worn)
 i - a +0 buckler
 o - a +0 pair of boots (worn)
Jewellery
 f - an uncursed ring of fire
Scrolls
 n - a scroll of remove curse
 r - a scroll of fog
Potions
 g - 2 potions of flight {unknown}
 m - 2 potions of agility
 p - a potion of mutation {unknown}
 s - a potion of resistance
Books
 c - a book of Minor Magic

   Spells                             Type                      Level
   a - Magic Dart                     Conjuration                  1
   b - Blink                          Translocation                2
   c - Call Imp                       Summoning                    2
   d - Repel Missiles                 Charms/Air                   2
   e - Slow                           Hexes                        2
   f - Conjure Flame                  Conjuration/Fire             3
   g - Mephitic Cloud                 Conjuration/Poison/Air       3
Comestibles
 d - a bread ration
 l - a beef jerky
 q - 2 fruits


   Skills:
 - Level 3.0 Dodging
 - Level 2.4 Stealth
 - Level 4.4 Spellcasting
 - Level 3.0 Conjurations
 - Level 1.1 Summonings
 + Level 3.5 Translocations
 + Level 2.5 Fire Magic


You had 2 spell levels left.
You knew the following spells:

 Your Spells              Type           Power        Failure   Level  Hunger
a - Magic Dart            Conj           ###.         2%          1    None
b - Blink                 Tloc           N/A          3%          2    None
c - Repel Missiles        Chrm/Air       #.....       17%         2    None
d - Conjure Flame         Conj/Fire      ###.....     12%         3    ##.....
e - Call Imp              Summ           ##......     12%         2    None


Dungeon Overview and Level Annotations

Branches:
Dungeon (4/15)
 Temple: D:4-7

Altars:
Xom

Annotations:
D:2 Terence


Message History

Confirm with . or Enter, or press ? or * to list all spells.
You don't have enough magic to cast that spell.
Casting: Magic Dart
Confirm with . or Enter, or press ? or * to list all spells.
You don't have enough magic to cast that spell.
Casting: Magic Dart
Confirm with . or Enter, or press ? or * to list all spells.
You don't have enough magic to cast that spell.
Casting: Magic Dart
Confirm with . or Enter, or press ? or * to list all spells.
You don't have enough magic to cast that spell.
You feel better. Terence hits you with a falchion!
* * * LOW HITPOINT WARNING * * *
You feel very mighty all of a sudden. Terence hits you with a falchion.
* * * LOW HITPOINT WARNING * * *
You barely miss Terence.
Terence is severely wounded.
Terence hits you with a falchion.
You die...

......#................
......#.#...............
......#.#.........._....
......#.'...............
......###...............
.....## #...............
.....# #######........<
.....##########.........
.....##.......'.@.......
.....##.#######.@.......
.....##.# #.........
#######.#######.........
........#...............
#########.##############
#.# #.# #.#######


You could see Terence.

Vanquished Creatures
  Natasha (twice) (D:2)
  Ijyb (D:2)
  4 adders (D:3)
  3 dart slugs
  3 giant geckos
  8 giant cockroaches
  8 goblins
  A hobgoblin (D:1)
  3 jackals (D:1)
  7 kobolds
  A quokka (D:3)
  6 bats
  5 giant newts
  5 rats
57 creatures vanquished.

Notes
Turn   | Place    | Note
--------------------------------------------------------------
     0 | D:1      | Ijustatesigmund the Deep Elf Wizard began the quest for the Orb.
     0 | D:1      | Reached XP level 1. HP: 10/10 MP: 7/7
   182 | D:1      | Reached XP level 2. HP: 15/15 MP: 3/9
   333 | D:1      | Learned a level 2 spell: Blink
   336 | D:1      | Learned a level 2 spell: Repel Missiles
   921 | D:1      | Reached XP level 3. HP: 19/19 MP: 4/10
  1257 | D:2      | Noticed Terence
  1296 | D:2      | Noticed Ijyb
  1367 | D:3      | Found a faded altar of an unknown god.
  1617 | D:3      | Learned a level 3 spell: Conjure Flame
  1701 | D:3      | Reached XP level 4. HP: 24/24 MP: 10/12
  1977 | D:3      | Reached skill level 1 in Fire Magic
  2068 | D:4      | Noticed an ogre
  2304 | D:2      | Noticed Natasha
  2314 | D:2      | Killed Natasha
  2520 | D:2      | Found a shimmering altar of Xom.
  2533 | D:2      | Noticed Natasha
  2539 | D:2      | Killed Natasha
  2539 | D:2      | Reached XP level 5. HP: 28/28 MP: 6/13
  2591 | D:2      | Learned a level 2 spell: Call Imp
  2661 | D:2      | Killed Ijyb
  3109 | D:2      | Slain by Terence

Vault maps used:
D:1:      evilmike_arrival_hilbert_curve
D:2:      kennysheep_the_goblin_king, overflow_temple_1_default, zin_angel,
          uniq_terence, uniq_natasha
D:3:      ecumenical_altar_1
D:4:      kennysheep_small_spiral, uniq_grinder

Skill      XL: |  1  2  3  4 |
---------------+-------------+-----
Dodging        | 3 |  3.0
Conjurations   | 2 3 |  3.0
Translocations | 2 3 |  3.5
Fire Magic     | 2 |  2.5
Stealth        | |  2.4
Spellcasting   | |  4.4
Summonings     | |  1.1

Action                   |  1- 3 |  4- 6 || total
-------------------------+-------+-------++-------
Melee: Short sword       |    10 |     3 ||    13
Throw: Javelin           |       |     2 ||     2
 Cast: Magic Dart        |    85 |    82 ||   167
       Repel Missiles    |     1 |       ||     1
       Conjure Flame     |       |     2 ||     2
       Blink             |       |     1 ||     1
       Call Imp          |       |     1 ||     1
  Use: Scroll            |     9 |     1 ||    10
       Potion            |       |     3 ||     3
 Stab: Sleeping          |     1 |       ||     1
  Eat: Chunk             |     2 |     4 ||     6
Armor: Robe              |     3 |     3 ||     6
Dodge: Dodged            |    24 |    19 ||    43
